 Seeded DCSS version 0.29.1-15-g9cfb28693d (webtiles) character file.

Game seed: 10786124958312911374 (custom seed)

44 bmack86 the Covered (level 3, 0/33 HPs)
             Began as a Minotaur Fighter on Mar 1, 2023.
             Slain by a goblin
             ... wielding a +0 club
              (1 damage)
             ... on level 1 of the Dungeon.
             The game lasted 00:01:09 (481 turns).

bmack86 the Covered (Minotaur Fighter)               Turns: 481, Time: 00:01:10

Health: 0/33       AC:  8    Str: 22    XL:     3   Next: 39%
Magic:  2/2        EV:  9    Int:  5    God:
Gold:   32         SH:  4    Dex:  9    Spells: 2/2 levels left

rFire   . . .      SeeInvis .   a - +0 war axe
rCold   . . .      Faith    .   c - +0 buckler
rNeg    . . .      Spirit   .   b - +0 scale mail
rPois   .          Reflect  .   (helmet restricted)
rElec   .          Harm     .   (no cloak)
rCorr   .          Rampage  .   (no gloves)
Will    .....                   i - +0 pair of boots
Stlth   ..........              (no amulet)
HPRegen 0.11/turn               (no ring)
MPRegen 0.08/turn               (no ring)

@: no status effects
A: horns 2, retaliatory headbutt
a: no special abilities


You were on level 1 of the Dungeon.
You visited 1 branch of the dungeon, and saw 1 of its levels.

You collected 32 gold pieces.

Inventory:

Hand Weapons
 a - a +0 war axe (weapon)
Armour
 b - a +0 scale mail (worn)
 c - a +0 buckler (worn)
 i - a +0 pair of boots (worn)
Scrolls
 e - 2 scrolls of poison {unknown}
 f - a scroll of fear {unknown}
 h - a scroll of identify {unknown}
Potions
 d - a potion of might
 g - a potion of ambrosia {unknown}
 j - a potion of curing {unknown}


   Skills:
 + Level 4.0 Fighting
 * Level 3.4 Axes
 + Level 4.1 Armour
 + Level 4.0 Shields


You had 2 spell levels left.
You didn't know any spells.
Your spell library was empty.

Dungeon Overview and Level Annotations

Branches:
Dungeon (1/15)

Altars:


Innate Abilities, Weirdness & Mutations

You have a pair of horns on your head.
You reflexively headbutt those who attack you in melee.


Message History

You kill the ball python!
You closely miss the hobgoblin. You headbutt the hobgoblin.
You kill the hobgoblin!
You see here a quokka corpse.
You see here a +0 club.
A bat comes into view.
The bat moves out of view.
j - a green potion A goblin comes into view.
It is wielding a +0 club.
The goblin shouts!
You hear a shout!
The goblin throws a stone.
The stone barely misses you.
The goblin drinks a potion.
The goblin flickers and vanishes!
Deactivating autopickup; reactivate with Ctrl-A.
A kobold comes into view. It is wielding a +0 dagger.
A stone appears from out of thin air!
The stone hits you but does no damage. Something hits you.
You miss something. Something hits you.
You miss something. Your headbutt misses something.
Something hits you but does no damage. x2
You barely miss something. Your headbutt misses something.
Something hits you but does no damage.
You miss something. You hit the kobold.
You kill the kobold!
Something hits you but does no damage.
You barely miss something.
Something hits you but does no damage. x2
You barely miss something. Your headbutt misses something.
You closely miss the bat. The bat barely misses you.
You block the bat's attack. Something hits you.
You miss something. The bat hits you but does no damage. Something hits you. x2
* * * LOW HITPOINT WARNING * * *
You closely miss something. The bat closely misses you.
You furiously retaliate!
You headbutt the bat.
You kill the bat!
Something hits you.
* * * LOW HITPOINT WARNING * * *
You completely miss something. Your headbutt misses something.
Something hits you.
* * * LOW HITPOINT WARNING * * *
Something hits you.
You die...

...............#.#
#..>..
............#....# #
#.....
............#....##.#
###+##
............#.†.....#
............#.).†#..#
. ....#.†..#.....
#........# ....
#........# ....
#.......@##.#..#
..........{...#
..........).#.#
................
............###
.#####.......#
#.........
..##....... ...
.......


There were no monsters in sight!

Vanquished Creatures
  A gnoll (D:1)
  3 dart slugs (D:1)
  4 ball pythons (D:1)
  4 endoplasms (D:1)
  A goblin (D:1)
  3 hobgoblins (D:1)
  2 kobolds (D:1)
  A quokka (D:1)
  4 bats (D:1)
  4 rats (D:1)
27 creatures vanquished.

Notes
Turn   | Place    | Note
-------+----------+-------------------------------------------
     0 | D:1      | bmack86 the Minotaur Fighter began the quest for the Orb.
     0 | D:1      | Reached XP level 1. HP: 19/19 MP: 0/0
   190 | D:1      | Reached XP level 2. HP: 26/27 MP: 1/1
   447 | D:1      | Reached XP level 3. HP: 16/33 MP: 2/2
   480 | D:1      | HP: 1/33 [something (1)]
   481 | D:1      | Slain by a goblin

Illustrated notes

Levels and vault maps discovered:
D:1:      shiori_arrival_elements, layout_basic

Skill      XL: |  1  2 |
---------------+-------+-----
Axes           | 3 |  3.4
Armour         | 4 |  4.1
Fighting       | 4 |  4.0
Shields        | 4 |  4.0

Action                   || total
-------------------------++-------
Melee: War axe           ||    41
       Headbutt          ||     3
Armor: Scale mail        ||    31
Dodge: Dodged            ||    32
Block: Buckler           ||    10
